 Dungeon Crawl Stone Soup version 0.23-a0-619-g281719c6f9 (webtiles) character file.

160 HereIgoKillingAgain the Sneak (level 5, -2/24 HPs)
             Began as a Spriggan Enchanter on Dec 23, 2018.
             Slain by a hound skeleton (4 damage)
             ... on level 4 of the Dungeon.
             The game lasted 00:03:44 (1892 turns).

HereIgoKillingAgain the Sneak (Spriggan Enchanter)  Turns: 1892, Time: 00:03:45

Health: -2/24      AC:  4    Str:  4    XL:     5   Next: 17%
Magic:  8/11       EV: 19    Int: 18    God:
Gold:   131        SH:  0    Dex: 16    Spells: 8/11 levels left

rFire    . . .     SeeInvis +   a - +2 dagger
rCold    . . .     Gourm    .   (shield restricted)
rNeg     . . .     Faith    .   b - +0 robe
rPois    .         Spirit   .   (helmet restricted)
rElec    .         Reflect  .   f - +1 cloak
rCorr    .         Harm     .   (gloves unavailable)
MR       .....                  (boots unavailable)
Stlth    ++++......             (no amulet)
HPRegen  0.08/turn              e - ring of wizardry
MPRegen  0.12/turn              (no ring)

@: flying, very slightly contaminated, hasted, very quick
A: very small, unfitting armour, see invisible, herbivore, speed 3, slow
metabolism 2
a: no special abilities


You were on level 4 of the Dungeon.
You were not hungry.

You visited 1 branch of the dungeon, and saw 4 of its levels.

You collected 131 gold pieces.

Inventory:

Hand Weapons
 a - a +2 dagger (weapon)
Armour
 b - a +0 robe (worn)
 f - a +1 cloak (worn)
Jewellery
 e - a ring of wizardry (left hand)
Scrolls
 h - 2 scrolls of teleportation {unknown}
 i - 2 scrolls of random uselessness {unknown}
 k - a scroll of fear {unknown}
 m - 2 scrolls of identify {unknown}
Comestibles
 d - 6 rations


   Skills:
 + Level 0.3 Fighting
 + Level 1.7 Short Blades
 + Level 3.5 Dodging
 + Level 6.8 Stealth
 + Level 3.7 Spellcasting
 + Level 4.3 Hexes
 + Level 0.7 Ice Magic


You had 8 spell levels left.
You knew the following spells:

 Your Spells              Type           Power        Failure   Level  Hunger
a - Corona                Hex            ###....      1%          1    None
b - Ensorcelled Hibernat  Hex/Ice        ##....       3%          2    ##.....

Your spell library contained the following spells:

 Spells                   Type           Power        Failure   Level  Hunger
 Confusing Touch          Hex            ###...       1%          1    None
 Confuse                  Hex            ###.....     3%          3    ###....
 Tukima's Dance           Hex            ###.....     3%          3    ###....
 Animate Skeleton         Necr           N/A          6%          1    None
 Apportation              Tloc           #.....       6%          1    None
 Summon Small Mammal      Summ           #...         6%          1    None
 Dazzling Spray           Conj/Hex       ##....       8%          3    ###....


Dungeon Overview and Level Annotations

Branches:
Dungeon (4/15)
 Temple: D:4-7

Altars:


Innate Abilities, Weirdness & Mutations

You are very small and have problems with some larger weapons.
You are too small for most types of armour.
You have supernaturally acute eyesight. (SInv)
You are a herbivore.
You cover ground extremely quickly.
You need to consume almost no food.


Message History

You fly up into the air.
The hound skeleton completely misses you.
You can't go down here!
You aren't carrying any items that you can evoke.
As you read the scroll labeled LIGUPAURON, it crumbles to dust.
It is a scroll of enchant armour.
Your +0 cloak glows green for a moment.
There is a stone staircase leading up here.
You hit the hound skeleton.
The hound skeleton is severely damaged.
The hound skeleton barely misses you.
You hit the hound skeleton but do no damage.
The hound skeleton is severely damaged.
You hit the hound skeleton.
The hound skeleton is almost destroyed.
The hound skeleton barely misses you.
You hit the hound skeleton.
The hound skeleton is almost destroyed.
The hound skeleton bites you.
You die...

...............
.........?....
#...........#
#...........##.
..............[
.............#
... #.....##
#..##Z.....#
#....@.##..#
#....### .#
##... #...
#..## #... #.##
..


You could see a hound skeleton.

Vanquished Creatures
  An orc priest (D:3)
  An orc wizard (D:3)
  4 adders (D:2)
  3 worms
  A dart slug (D:1)
  2 leopard geckos
  3 orcs (D:3)
  6 giant cockroaches
  5 goblins
  2 hobgoblins (D:2)
  4 jackals (D:2)
  2 quokkas (D:2)
  2 ball pythons (D:2)
  3 bats (D:1)
  5 frilled lizards
  3 kobolds
  6 rats
53 creatures vanquished.

Notes
Turn   | Place    | Note
-------+----------+-------------------------------------------
     0 | D:1      | HereIgoKillingAgain the Spriggan Enchanter began the quest
                  | for the Orb.
     0 | D:1      | Reached XP level 1. HP: 9/9 MP: 5/5
   167 | D:1      | Reached skill level 5 in Stealth
   167 | D:1      | Reached XP level 2. HP: 7/13 MP: 6/6
   541 | D:2      | Learned a level 2 spell: Ensorcelled Hibernation
   589 | D:2      | Reached XP level 3. HP: 13/16 MP: 5/8
  1577 | D:2      | Reached XP level 4. HP: 21/21 MP: 9/9
  1637 | D:2      | Reached skill level 6 in Stealth
  1869 | D:3      | Reached XP level 5. HP: 5/24 MP: 7/11
  1884 | D:4      | HP: 1/24 [hound skeleton (1)]
  1892 | D:4      | Slain by a hound skeleton

Vault maps used:
D:1:      mrwooster_arrival_statue_2, minmay_pentomino_o4
D:3:      cheibrodos_helix_gallery, marbit_many_paths
D:4:      minmay_octagon_keep, nicolae_overflow_crystal_walls, first_ration,
          kennysheep_generic_room_13

Skill      XL: |  1  2  3  4 |
---------------+-------------+-----
Stealth        | 5 6 |  6.8
Spellcasting   | 3 |  3.7
Hexes          | 4 |  4.3
Fighting       | |  0.3
Short Blades   | |  1.7
Dodging        | |  3.5
Ice Magic      | |  0.7

Action                   |  1- 3 |  4- 6 || total
-------------------------+-------+-------++-------
Melee: Dagger            |   122 |    39 ||   161
 Cast: Ensorcelled Hiber |    16 |    10 ||    26
  Use: Potion            |     1 |     3 ||     4
       Scroll            |     2 |     1 ||     3
 Stab: Sleeping          |    20 |    11 ||    31
Armor: Robe              |    13 |     4 ||    17
Dodge: Dodged            |   109 |    31 ||   140

Table legend:
 A = Non-vault XP
 B = Vault XP
 C = Vault XP percentage of total XP
 D = Non-vault monster count
 E = Vault monster count
 F = Vault count percentage of total count
                 A         B        C        D         E       F
            +---------+---------+-------+---------+---------+-------
      Total |     222 |       7 |   3.1 |      49 |       4 |   7.5
            +---------+---------+-------+---------+---------+-------
        D:1 |      19 |       7 |  26.9 |      11 |       4 |  26.7
        D:2 |      94 |       0 |   0.0 |      28 |       0 |   0.0
        D:3 |     109 |       0 |   0.0 |      10 |       0 |   0.0
            +---------+---------+-------+---------+---------+-------
